 Dungeon Crawl Stone Soup version bcrawl-1.19.1 (webtiles) character file.

Game seed: 16612719184183774316

49 mahrnol the Magician (level 3, -3/19 HPs)
             Began as a Skeleton Wizard on Dec 3, 2019.
             Slain by a gnoll
             ... wielding a +0 spear
              (8 damage)
             ... on level 2 of the Dungeon.
             The game lasted 00:09:02 (2402 turns).

mahrnol the Magician (Skeleton Wizard)              Turns: 2402, Time: 00:09:02

Health: -3/19      AC:  2    Str: 12 (13) XL:     3   Next: 51%
Magic:  0/9        EV: 11    Int: 15 (17) God:
Gold:   41         SH:  0    Dex:  4 (7)  Spells: 7/12 levels left

rFire    . . .     SeeInvis .   a - +0 staff
rCold    + . .     Gourm    .   (no shield)
rNeg     + + +     Faith    .   b - +0 robe
rPois    ∞         Spirit   +   c - +0 hat
rElec    .         Reflect  .   (no cloak)
rCorr    .         Harm     .   (no gloves)
MR       .....                  (no boots)
Stlth    ++........             (no amulet)
HPRegen  0.06/turn              (no ring)
MPRegen  0.11/turn              (no ring)

@: no status effects
A: no food or potions, cold resistance 1, deterioration 1, negative energy
resistance 3, torment resistance, unbreathing, magic shield, sturdy frame 1,
spell healing
a: no special abilities


You were on level 2 of the Dungeon.
You were not hungry.

You visited 1 branch of the dungeon, and saw 2 of its levels.

You collected 41 gold pieces.

Inventory:

Hand Weapons
 a - a +0 staff (weapon)
Missiles
 i - 64 poisoned needles
Armour
 b - a +0 robe (worn)
 c - a +0 hat (worn)
Jewellery
 e - a cursed ring of attention {unknown}
Scrolls
 d - 2 scrolls of remove curse {unknown}
 f - a scroll of enchant armour {unknown}
 g - a scroll of amnesia {unknown}
 h - a scroll of blinking {unknown}


   Skills:
 + Level 0.6 Staves
 - Level 2.1 Dodging
 - Level 2.6 Stealth
 - Level 5.1 Spellcasting
 + Level 2.0 Conjurations
 + Level 2.3 Summonings
 - Level 0.7 Translocations


You had 7 spell levels left.
You knew the following spells:

 Your Spells              Type           Power        Failure   Level  Hunger
a - Magic Dart            Conj           #...         7%          1    N/A
b - Call Imp              Summ           ##....       10%         2    N/A
c - Blink                 Tloc           N/A          19%         2    N/A

Your spell library contained the following spells:

 Spells                   Type           Power        Failure   Level  Hunger
 Conjure Flame            Conj/Fire      #.......     32%         3    N/A
 Mephitic Cloud           Conj/Pois/Air  #.......     36%         3    N/A
 Spider Form              Tmut/Pois      Unusable     N/A         3    N/A

Dungeon Overview and Level Annotations

Branches:
Dungeon (2/12)

Altars:


Innate Abilities, Weirdness & Mutations

You do not eat or drink.
You are immune to poison.
Your flesh is cold resistant. (rC+)
Your body sometimes deteriorates upon taking damage.
You are immune to negative energy. (rN+++)
You are immune to unholy pain and torment.
You can survive without breathing.
When hurt, damage is shared between your health and your magic reserves.
Your movements are slightly less encumbered by armour. (ER -2)
Casting spells heals you.


Message History

Casting: Call Imp (safe; 10% risk of failure)
Confirm with . or Enter, or press ? or * to list all spells.
You miscast Call Imp.
You are very lightly contaminated with residual magic.
You feel a strange surge of energy! The gnoll hits you with a +0 whip!
Your body deteriorates!
You feel weakened.
Your crimson imp blinks!
Your crimson imp hits the gnoll.
Your crimson imp hits the gnoll but does no damage.
Your crimson imp blinks!
The gnoll hits you with a +0 flail!
* * * LOW HITPOINT WARNING * * *
Your crimson imp hits the gnoll but does no damage.
Your crimson imp hits the gnoll.
The gnoll closely misses you.
Your crimson imp closely misses the gnoll.
Your magical contamination has completely faded away.
Your crimson imp disappears in a puff of smoke!
The gnoll shouts!
The gnoll hits you from afar with a +0 spear!
You die...

##### #.#.####.#
#.g@.g...#
#.#<.....#
#.##########
#.g..g.....#######
#######...........
#...........
#...........
#.§........#
######..........#


You could see 2 gnolls.

Vanquished Creatures
  An adder (D:1)
  A dart slug (D:1)
  5 bats
  2 goblins (D:1)
  2 hobgoblins
  2 jackals (D:1)
  A quokka (D:2)
  A frilled lizard (D:1)
  4 kobolds
  4 rats (D:1)
23 creatures vanquished.

Vanquished Creatures (collateral kills)
  A gnoll (D:2)
  2 leopard geckos
  A giant cockroach (D:2)
  A quokka (D:1)
  A bat (D:2)
  2 kobolds
8 creatures vanquished.

Grand Total: 31 creatures vanquished

Notes
Turn   | Place    | Note
-------+----------+-------------------------------------------
     0 | D:1      | mahrnol the Skeleton Wizard began the quest for the Orb.
     0 | D:1      | Reached XP level 1. HP: 10/10 MP: 5/5
   272 | D:1      | Reached skill level 5 in Spellcasting
   272 | D:1      | Reached XP level 2. HP: 15/15 MP: 1/8
   276 | D:1      | Learned a level 2 spell: Call Imp
   279 | D:1      | Learned a level 2 spell: Blink
  1497 | D:1      | Reached XP level 3. HP: 9/19 MP: 1/9
  2402 | D:2      | Slain by a gnoll

Skill      XL: |  1  2  3 |
---------------+----------+-----
Spellcasting   | 5 |  5.1
Summonings     | 2 |  2.3
Conjurations   | 2 |  2.0
Staves         | |  0.6
Dodging        | |  2.1
Stealth        | |  2.6
Translocations | |  0.7

Action                   || total
-------------------------++-------
Melee: Staff             ||    29
 Cast: Magic Dart        ||    50
       Call Imp          ||    26
 Stab: Sleeping          ||     1
Armor: Robe              ||    25
Dodge: Dodged            ||    88
